 Dungeon Crawl Stone Soup version 0.32-a0-42-ga30500b4d3 (webtiles) character file.

Game seed: 6694519370774323000

652 senseless the Trooper (level 7, -1/71 HPs)
             Began as an Oni Shapeshifter on Jan 29, 2024.
             Slain by an ice beast (8 damage)
             ... on level 4 of the Dungeon.
             The game lasted 00:10:01 (3880 turns).

senseless the Trooper (Oni Shapeshifter)            Turns: 3880, Time: 00:10:01

Health: -1/71      AC:  3    Str: 21    XL:     7   Next: 54%
Magic:  7/7        EV: 10    Int: 11    God:
Gold:   35         SH:  0    Dex:  8    Spells: 6/6 levels left

rFire   . .          .
                       - Unarmed
rCold   . . .        (no shield)
rNeg    . . .        x - +0 robe
rPois   +            (helmet currently unavailable)
rElec   .            (cloak currently unavailable)
rCorr   .            (gloves unavailable)
SInv    .            (boots unavailable)
Will    .....        (no amulet)
Stlth   +            j - ring of poison resistance
HPRegen 0.31/turn    m - ring of flight
MPRegen 0.10/turn

%: no passive effects
@: beast-form, flying
A: beast (slay +2), large, unfitting armour, horns 1, tough skin 1, double
potion healing, drunken brawling
a: Begin Untransformation


You were on level 4 of the Dungeon.
You were a hulking beast.
You visited 1 branch of the dungeon, and saw 5 of its levels.
You also visited: Ossuary.

You collected 171 gold pieces.
You spent 136 gold pieces at shops.

Inventory:

Missiles
 v - 5 curare-tipped darts
Armour
 x - a +0 robe (worn)
Jewellery
 j - a ring of poison resistance (left hand)
 m - a ring of flight (right hand)
Talismans
 c - a beast talisman
 d - a flux talisman
 h - a blade talisman
Wands
 r - a wand of paralysis (7)
 u - a wand of iceblast (4) (quivered)
Scrolls
 p - a scroll of revelation {unknown}
 s - a scroll of noise {unknown}
 t - a scroll of teleportation
 w - a scroll of amnesia {unknown}
Potions
 b - a potion of lignification
 e - a potion of cancellation
 f - 2 potions of invisibility
 g - 2 potions of might
 i - a potion of magic
 k - 4 potions of curing
 l - 3 potions of haste
 o - 3 potions of heal wounds
 q - a potion of mutation


   Skills:
 + Level 4.8 Fighting
 + Level 3.6 Dodging
 + Level 4.1 Unarmed Combat
 + Level 2.4 Evocations
 + Level 4.4 Shapeshifting


You had 6 spell levels left.
You didn't know any spells.
Your spell library contained the following spells:

 Spells                   Type           Power      Damage    Failure   Level
 Blink                    Tloc           0%         N/A       47%         2
 Cigotuvi's Dreadful Rot  Necr/Alch/Air  0%         N/A       47%         2
 Ensorcelled Hibernation  Hex/Ice        0%         N/A       47%         2
 Lesser Beckoning         Tloc           0%         N/A       47%         2
 Momentum Strike          Conj/Tloc      0%         3d8       47%         2
 Static Discharge         Conj/Air       0%         3-3/arc   47%         2
 Passwall                 Erth           0%         N/A       71%         3
 Swiftness                Air            0%         N/A       71%         3
 Airstrike                Air            0%         2d(0-16)  98%         4
 Ignite Poison            Fire/Alch      0%         N/A       98%         4
 Summon Lightning Spire   Summ/Air       0%         N/A       98%         4
 Freezing Cloud           Conj/Ice/Air   0%         6-21      100%        5


Dungeon Overview and Level Annotations

Branches:
Dungeon (5/15)            Ossuary (visited)
 Temple: D:4-7

Altars:

Shops:
D:1 *


Innate Abilities, Weirdness & Mutations

You are a hulking beast.
Your limbs bulge with bestial killing power. (Slay +2)
You are too large for most types of armour.
You have a pair of small horns on your head.
You have tough skin. (AC +1)
You gain doubled healing and magic from potions.
Whenever you drink a healing potion, you attack all around you.


Message History

HP restored.
There is a stone staircase leading down here.
You fly downwards.
The ice beast barely misses you. The ogre barely misses you.
The ice beast hits you. The ice beast freezes you!
There is a stone staircase leading up here.
The ogre barely misses you. The ice beast barely misses you.
You fly upwards.
There is a stone staircase leading down here.
You hit the ogre.
The ogre is moderately wounded.
The ice beast hits you but does no damage.
You punch the ogre!
The ogre is heavily wounded.
The ogre hits you with a +0 giant spiked club!!
You are too injured to fight recklessly!
You hit the ogre but do no damage.
The ogre is heavily wounded.
The ice beast hits you but does no damage.
The ogre closely misses you.
You barely miss the ogre.
The ogre is heavily wounded.
The ice beast hits you. The ice beast freezes you.
You hit the ogre.
The ogre is severely wounded.
The ice beast barely misses you. The ogre closely misses you.
You hit the ogre. You headbutt the ogre.
You kill the ogre!
The ice beast closely misses you.
You punch the ice beast! You headbutt the ice beast.
The ice beast is severely wounded.
The ice beast hits you.
* * * LOW HITPOINT WARNING * * *
The ice beast freezes you!
* * * LOW HITPOINT WARNING * * *
You hit the ice beast.
The ice beast is almost dead.
The ice beast hits you.
* * * LOW HITPOINT WARNING * * *
The ice beast freezes you!
You die...

###############
###.....[)).....#
###########....##########.#
..........#....###......#.#
..........'....)h#.####.#.#
....†.....#....#Y#....#.#.#
....†.....#....#.###.##.#.#
#......#######.#.# #.##.#.#
#......# #.#.###.##.#.#
#......# #.#........#.#
#......#######.#.###.####.####
.......##...##.#.# #.##......#
...######...##.#.# #.##.#.##.#


You could see an ice beast.

Vanquished Creatures
  Eustachio (D:4)
  Menkaure (Ossuary)
  An ogre (D:4)
  A phantom (D:4)
  2 orc wizards
  An iguana (D:4)
  3 mummies (Ossuary)
  2 adders (D:2)
  A shadow imp (D:4)
  A dart slug (D:3)
  10 orcs
  A bat (D:3)
  2 endoplasms
  5 gnoll zombies (Ossuary)
  7 goblins
  5 hobgoblins
  7 jackals
  4 kobolds
  A quokka (D:3)
  4 ball pythons (D:1)
  5 frilled lizards
  3 gnoll skeletons (Ossuary)
  2 goblin skeletons (Ossuary)
  4 goblin zombies (Ossuary)
  5 hobgoblin skeletons (Ossuary)
  5 hobgoblin zombies (Ossuary)
  7 kobold skeletons (Ossuary)
  5 kobold zombies (Ossuary)
  4 orc skeletons (Ossuary)
  An orc zombie (Ossuary)
  3 rats
  4 rat skeletons (Ossuary)
  5 rat zombies (Ossuary)
113 creatures vanquished.

Notes
Turn   | Place    | Note
-------+----------+-------------------------------------------
     0 | D:1      | senseless the Oni Shapeshifter began the quest for the Orb.
     0 | D:1      | Reached XP level 1. HP: 19/19 MP: 1/1
    91 | D:1      | Found Zaniat's Assorted Antiques.
   150 | D:1      | Reached XP level 2. HP: 28/28 MP: 2/2
  1002 | D:2      | Reached XP level 3. HP: 19/36 MP: 3/3
  1248 | D:1      | Bought a granite ring for 85 gold pieces
  1672 | D:3      | Reached XP level 4. HP: 44/44 MP: 4/4
  2384 | D:4      | Noticed Eustachio
  2392 | D:4      | Killed Eustachio
  2393 | D:4      | Reached skill level 1 in Evocations
  2393 | D:4      | Reached XP level 5. HP: 53/53 MP: 5/5
  2532 | D:4      | Identified the +1 chain mail of the Bruised Wonders {+Inv
                  | rPois}
  2565 | D:4      | Found a sand-covered staircase.
  2573 | Ossuary  | Entered an ossuary
  2735 | Ossuary  | Reached XP level 6. HP: 59/61 MP: 6/6
  2919 | Ossuary  | Noticed Menkaure
  2928 | Ossuary  | Killed Menkaure
  3292 | D:4      | Reached XP level 7. HP: 68/70 MP: 7/7
  3389 | D:1      | Bought a scroll of identify for 34 gold pieces
  3389 | D:1      | Bought a scroll labelled CAMYHU PONET for 17 gold pieces
  3704 | D:5      | Entered Level 5 of the Dungeon
  3880 | D:4      | Slain by an ice beast

Illustrated notes

Levels and vault maps discovered:
D:1:      lemuel_arrival_muddy, layout_basic, serial_shops,
          nicolae_shop_hallway_plus
D:2:      layout_rooms, serial_park_tiny_2, nrook_mini_vaults
D:3:      layout_basic, minmay_unequal
D:4:      layout_basic, nicolae_ossuary_entry_plus, uniq_eustachio
D:5:      lemuel_castle_with_subvaults [lemuel_castle_interior_carwin_3],
          layout_basic, minmay_temple_entry_sparse_star, minmay_holes, hex_tiny

Skill      XL: |  1  2  3  4  5  6  7 |
---------------+----------------------+-----
Dodging        | 2 3 |  3.6
Fighting       | 2 3 4 |  4.8
Unarmed Combat | 3 4 |  4.1
Evocations     | 1 2 |  2.4
Shapeshifting  | 4 |  4.4

Action                     |  1- 3 |  4- 6 |  7- 9 || total
---------------------------+-------+-------+-------++-------
  Melee: Unarmed           |    98 |   153 |    51 ||   302
         Headbutt          |     8 |    29 |    10 ||    47
         Punch             |     1 |     4 |       ||     5
  Throw: Dart              |       |     3 |       ||     3
  Evoke: Wand              |       |     2 |     1 ||     3
    Use: Scroll            |       |    14 |     1 ||    15
   Stab: Sleeping          |       |     1 |       ||     1
 Armour: Animal skin       |    66 |    69 |    15 ||   150
         Robe              |       |       |    14 ||    14
  Dodge: Dodged            |    32 |    46 |    22 ||   100

Table legend: (Time is in decaauts)
 A = Elapsed time spent in this place.
 B = Non-inter-level travel time spent in this place.
 C = Inter-level travel time spent in this place.
 D = Time resting spent in this place.
 E = Time spent auto-exploring this place.
 F = Levels seen in this place.
 G = Mean time per level.
                   A        B        C        D        E       F      G
               +--------+--------+--------+--------+--------+-----+--------+
         Total |   3864 |   3505 |    359 |    137 |   2726 |   6 |  644.0 |
       Dungeon |   3434 |   3075 |    359 |    137 |   2465 |   5 |  686.8 |
       Ossuary |    430 |    430 |      0 |      0 |    261 |   1 |  430.0 |
               +--------+--------+--------+--------+--------+-----+--------+

Top non-repeatable levels by time:
     D:4: 1074 daAuts
     D:1: 1005 daAuts
     D:3: 900 daAuts
     D:2: 439 daAuts
 Ossuary: 430 daAuts
     D:5: 14 daAuts
